 Dungeon Crawl Stone Soup version 0.21.0-24-g2553a33 (webtiles) character file.

410 tidbits the Chucker (level 6, 6/47 HPs)
             Began as a Gnoll Wanderer on Jan 20, 2018.
             Quit the game on level 4 of the Dungeon.
             The game lasted 00:05:52 (714 turns).

tidbits the Chucker (Gnoll Wanderer)                 Turns: 714, Time: 00:05:53

Health: 6/47       AC:  3    Str: 20    XL:     6   Next: 89%
Magic:  7/11       EV: 13    Int: 24    God:
Gold:   85         SH:  0    Dex: 13    Spells: 8/12 levels left

rFire    + . .     SeeInvis .   a - +3 short sword
rCold    + . .     Gourm    .   (no shield)
rNeg     . . .     Faith    .   B - +0 robe (curse)
rPois    .         Spirit   .   (no helmet)
rElec    .         Reflect  .   k - scarf {rC+ rF+}
rCorr    .         Harm     .   (no gloves)
MR       .....                  F - +0 pair of boots
Stlth    ++........             (no amulet)
HPRegen  0.15/turn              (no ring)
MPRegen  0.12/turn              (no ring)

@: mighty, brilliant, lethally poisoned (6 -> -11)
A: distributed training, fangs 1, mutation resistance 1, strong 1, strong nose
a: no special abilities


You were on level 4 of the Dungeon.
You were not hungry.

You visited 1 branch of the dungeon, and saw 5 of its levels.

You collected 85 gold pieces.

Inventory:

Hand Weapons
 a - a +3 short sword (weapon)
 e - a +0 falchion
 i - a +2 flail of protection
   (You took it off Edmund on level 4 of the Dungeon)
Missiles
 l - 6 tomahawks (quivered)
Armour
 d - a +0 robe
 h - a cursed +0 ring mail
 k - a scarf of resistance (worn)
   (You found it on level 1 of the Dungeon)
 B - a cursed +0 robe (worn)
 F - a +0 pair of boots (worn)
Scrolls
 g - a scroll of fear
Books
 b - Kuaj's Reference Book on the Volcanoes

   Spells                             Type                      Level
   a - Flame Tongue                   Conjuration/Fire             1
   b - Inner Flame                    Hexes/Fire                   3
 c - the Disquisition on Aid

   Spells                             Type                      Level
   a - Song of Slaying                Charms                       2
   b - Shroud of Golubria             Charms/Translocation         2
Comestibles
 f - 3 rations


   Skills:
 + Level 3.3 Fighting
 + Level 5.0 Short Blades
 + Level 2.1 Long Blades
 + Level 2.1 Axes
 + Level 2.1 Maces & Flails
 + Level 2.1 Polearms
 + Level 2.1 Staves
 + Level 2.1 Slings
 + Level 2.1 Bows
 + Level 2.1 Crossbows
 + Level 5.0 Throwing
 + Level 2.1 Armour
 + Level 3.3 Dodging
 + Level 3.2 Stealth
 + Level 2.1 Shields
 + Level 2.1 Unarmed Combat
 + Level 3.5 Spellcasting
 + Level 1.6 Conjurations
 + Level 1.6 Hexes
 + Level 1.6 Charms
 + Level 1.6 Summonings
 + Level 1.6 Necromancy
 + Level 1.6 Translocations
 + Level 2.7 Transmutations
 + Level 1.6 Fire Magic
 + Level 1.6 Ice Magic
 + Level 2.7 Air Magic
 + Level 1.6 Earth Magic
 + Level 1.6 Poison Magic
 + Level 2.3 Invocations
 + Level 2.1 Evocations


You had 8 spell levels left.
You knew the following spells:

 Your Spells              Type           Power        Failure   Level  Hunger
g - Shroud of Golubria    Chrm/Tloc      ####......   1%          2    #......
y - Song of Slaying       Chrm           ####....     1%          2    #......


Dungeon Overview and Level Annotations

Branches:
Dungeon (5/15)
 Temple: D:4-7

Altars:


Innate Abilities, Weirdness & Mutations

Your experience applies equally to all skills.
You have very sharp teeth.
Your uncanny sense of smell can sniff out nearby items.
You are somewhat resistant to further mutation.
Your muscles are strong. (Str +2)


Message History

You puncture the howler monkey!
You kill the howler monkey!
Tidbits's ghost closely misses you.
You closely miss the orc. The orc hits you with a club.
Tidbits's ghost hits you but does no damage.
You barely miss the orc. The orc barely misses you.
You closely miss the orc. Your bite misses the orc. Tidbits's ghost misses you.
You puncture the orc!
You kill the orc!
Tidbits's ghost misses you.
You hit the orc.
The orc is almost dead.
The orc hits you with a flail.
* * * LOW HITPOINT WARNING * * *
Tidbits's ghost barely misses you.
You hit tidbits's ghost. Your bite misses tidbits's ghost.
Tidbits's ghost is lightly damaged.
Tidbits's ghost barely misses you. The orc misses you.
You puncture tidbits's ghost!
Tidbits's ghost is heavily damaged.
Tidbits's ghost hits you but does no damage.
You puncture tidbits's ghost! You bite tidbits's ghost.
You destroy tidbits's ghost!
Your Short Blades skill increases to level 5!
Your Long Blades skill increases to level 2!
Your Axes skill increases to level 2!
Your Maces & Flails skill increases to level 2!
Your Polearms skill increases to level 2!
Your Staves skill increases to level 2!
Your Slings skill increases to level 2!
Your Bows skill increases to level 2!
Your Crossbows skill increases to level 2!
Your Throwing skill increases to level 5!
Your Armour skill increases to level 2!
Your Shields skill increases to level 2!
Your Unarmed Combat skill increases to level 2!
Your Evocations skill increases to level 2!
The orc barely misses you.
You puncture the orc!
You kill the orc!
Your song is almost over.
The adder bites you.
* * * LOW HITPOINT WARNING * * *
You puncture the adder!
The adder is severely wounded.
The adder closely misses you.
You puncture the adder!
You kill the adder!
You puncture the orc!
You kill the orc!
You closely miss the orc. The orc barely misses you.
You puncture the orc!
You kill the orc!
Items here: ))))) ? [[[[ †††††
g - a scroll of fear Your song has ended.
h - a ring mail
Found a scroll labeled POCROPH JYAL.
A worker ant comes into view.
You see here 10 gold pieces.
You now have 85 gold pieces (gained 10).
Found a stone staircase leading down.
Casting: Song of Slaying
Confirm with . or Enter, or press ? or * to list all spells.
Space distorts slightly along a thin shroud covering your body.
A crimson imp comes into view.
You barely miss the worker ant.
The crimson imp shouts!
You bite the worker ant.
The worker ant is moderately wounded.
The worker ant bites you.
* * * LOW HITPOINT WARNING * * *
You are poisoned.
The worker ant poisons you!
Your shroud falls apart!
You puncture the worker ant!
The worker ant is almost dead.
You feel sick. The worker ant bites you.
* * * LOW HITPOINT WARNING * * *
You are more poisoned.
The worker ant poisons you!
You closely miss the worker ant.
The worker ant is almost dead.
You feel sick. The worker ant bites you.
* * * LOW HITPOINT WARNING * * *
You are lethally poisoned!
The worker ant poisons you!
You completely miss the worker ant. Your bite misses the worker ant.
The worker ant is almost dead.
* * * LOW HITPOINT WARNING * * *
You feel sick. The worker ant bites you.
* * * LOW HITPOINT WARNING * * *
You aren't carrying any potions.
Unknown command.
You puncture the worker ant!
You kill the worker ant!
* * * LOW HITPOINT WARNING * * *
You feel sick.
You aren't carrying any potions.
Unknown command.
Are you sure you want to abandon this character and quit the game? (Confirm with "yes".)

.......... ...
.............. ..
............. ##.#
............ #..#
...........######.(#
............)......#
.....5......####.#.#
.....!.....## #..#.#
###.#.@...# #.##.#
#..?......# #.##.#
>...#####..####.#..#
##. #.........###
#.# ##..........#
#.# #.#......>.# #.
###.#####
#.#........# # #.
........#
#.#...<....# ###.###
##......#
#..........#


You could see a crimson imp.

Vanquished Creatures
  Edmund (D:4)
  An ogre (D:4)
  The ghost of tidbits the Magician, an amateur GnWn (D:4)
  A howler monkey (D:4)
  2 worker ants (D:4)
  An adder (D:4)
  A dart slug (D:3)
  5 orcs
  A giant cockroach (D:2)
  2 goblins
  2 hobgoblins
  5 kobolds (D:1)
  A quokka (D:2)
  A ball python skeleton (D:4)
  2 bats
  3 frilled lizards
  5 rats
35 creatures vanquished.

Notes
Turn   | Place    | Note
-------+----------+-------------------------------------------
     0 | D:1      | tidbits the Gnoll Wanderer began the quest for the Orb.
     0 | D:1      | tidbits set off with: a +2 short sword, Kuaj's Reference Book on the Volcanoes, the Disquisition on Aid, a +0 robe, a ration
     0 | D:1      | Reached XP level 1. HP: 17/17 MP: 4/4
     0 | D:1      | Identified Kuaj's Reference Book on the Volcanoes
     0 | D:1      | Identified the Disquisition on Aid
    67 | D:1      | Reached skill level 2 in Transmutations
    67 | D:1      | Reached skill level 2 in Air Magic
    70 | D:1      | Reached XP level 2. HP: 14/23 MP: 5/5
   453 | D:3      | Reached XP level 3. HP: 23/28 MP: 7/7
   518 | D:4      | Noticed Edmund
   529 | D:4      | Killed Edmund
   529 | D:4      | Reached skill level 1 in Long Blades
   529 | D:4      | Reached skill level 1 in Axes
   529 | D:4      | Reached skill level 1 in Maces & Flails
   529 | D:4      | Reached skill level 1 in Polearms
   529 | D:4      | Reached skill level 1 in Staves
   529 | D:4      | Reached skill level 1 in Slings
   529 | D:4      | Reached skill level 1 in Bows
   529 | D:4      | Reached skill level 1 in Crossbows
   529 | D:4      | Reached skill level 1 in Armour
   529 | D:4      | Reached skill level 1 in Shields
   529 | D:4      | Reached skill level 1 in Unarmed Combat
   529 | D:4      | Reached skill level 3 in Spellcasting
   529 | D:4      | Reached skill level 1 in Conjurations
   529 | D:4      | Reached skill level 1 in Hexes
   529 | D:4      | Reached skill level 1 in Charms
   529 | D:4      | Reached skill level 1 in Summonings
   529 | D:4      | Reached skill level 1 in Necromancy
   529 | D:4      | Reached skill level 1 in Translocations
   529 | D:4      | Reached skill level 1 in Fire Magic
   529 | D:4      | Reached skill level 1 in Ice Magic
   529 | D:4      | Reached skill level 1 in Earth Magic
   529 | D:4      | Reached skill level 1 in Poison Magic
   529 | D:4      | Reached skill level 1 in Invocations
   529 | D:4      | Reached skill level 1 in Evocations
   529 | D:4      | Reached XP level 4. HP: 34/34 MP: 8/8
   529 | D:4      | Reached XP level 5. HP: 40/40 MP: 9/9
   555 | D:4      | Learned a level 2 spell: Shroud of Golubria
   558 | D:4      | Learned a level 2 spell: Song of Slaying
   601 | D:4      | Reached skill level 3 in Fighting
   601 | D:4      | Reached skill level 3 in Dodging
   630 | D:5      | Entered Level 5 of the Dungeon
   653 | D:4      | Noticed an ogre
   666 | D:4      | Killed an ogre
   666 | D:4      | Reached skill level 3 in Stealth
   666 | D:4      | Reached skill level 2 in Invocations
   666 | D:4      | Reached XP level 6. HP: 14/47 MP: 8/11
   679 | D:4      | Noticed tidbits's ghost (amateur GnWn)
   681 | D:4      | Gained mutation: Your muscles are strong. (Str +2) [potion of mutation]
   681 | D:4      | Gained mutation: You are somewhat resistant to further mutation. [potion of mutation]
   691 | D:4      | Killed tidbits's ghost
   691 | D:4      | Reached skill level 5 in Short Blades
   691 | D:4      | Reached skill level 2 in Long Blades
   691 | D:4      | Reached skill level 2 in Axes
   691 | D:4      | Reached skill level 2 in Maces & Flails
   691 | D:4      | Reached skill level 2 in Polearms
   691 | D:4      | Reached skill level 2 in Staves
   691 | D:4      | Reached skill level 2 in Slings
   691 | D:4      | Reached skill level 2 in Bows
   691 | D:4      | Reached skill level 2 in Crossbows
   691 | D:4      | Reached skill level 5 in Throwing
   691 | D:4      | Reached skill level 2 in Armour
   691 | D:4      | Reached skill level 2 in Shields
   691 | D:4      | Reached skill level 2 in Unarmed Combat
   691 | D:4      | Reached skill level 2 in Evocations
   714 | D:4      | Quit the game

Skill      XL: |  1  2  3  4  5  6 |
---------------+-------------------+-----
Transmutations | 2 |  2.7
Air Magic      | 2 |  2.7
Long Blades    | 1 2 |  2.1
Axes           | 1 2 |  2.1
Maces & Flails | 1 2 |  2.1
Polearms       | 1 2 |  2.1
Staves         | 1 2 |  2.1
Slings         | 1 2 |  2.1
Bows           | 1 2 |  2.1
Crossbows      | 1 2 |  2.1
Armour         | 1 2 |  2.1
Shields        | 1 2 |  2.1
Unarmed Combat | 1 2 |  2.1
Spellcasting   | 3 |  3.5
Conjurations   | 1 |  1.6
Hexes          | 1 |  1.6
Charms         | 1 |  1.6
Summonings     | 1 |  1.6
Necromancy     | 1 |  1.6
Translocations | 1 |  1.6
Fire Magic     | 1 |  1.6
Ice Magic      | 1 |  1.6
Earth Magic    | 1 |  1.6
Poison Magic   | 1 |  1.6
Invocations    | 1 2 |  2.3
Evocations     | 1 2 |  2.1
Fighting       | 3 |  3.3
Dodging        | 3 |  3.3
Stealth        | 3 |  3.2
Short Blades   | 5 |  5.0
Throwing       | 5 |  5.0

Action                   |  1- 3 |  4- 6 || total
-------------------------+-------+-------++-------
Melee: Short sword       |    56 |    47 ||   103
       Bite              |     7 |     4 ||    11
       Unarmed           |     8 |       ||     8
 Cast: Shroud of Golubri |       |     3 ||     3
       Song of Slaying   |       |     1 ||     1
  Use: Scroll            |     6 |       ||     6
       Potion            |     2 |     4 ||     6
 Stab: Sleeping          |     7 |       ||     7
       Distracted        |     1 |       ||     1
Armor: Robe              |     7 |     5 ||    12
       Skin              |     4 |       ||     4
Dodge: Dodged            |    21 |    22 ||    43

Table legend:
 A = Turns spent in this place as a percentage of turns spent in the entire game.
 B = Non-inter-level travel turns spent in this place as a percentage of non-inter-level travel turns spent in the entire game.
 C = Inter-level travel turns spent in this place as a percentage of turns spent in this place.
 D = Turns resting spent in this place as a percentage of non-inter-level travel turns spent in this place.
 E = Turns spent auto-exploring this place as a percentage of non-inter-level travel turns spent in this place.
 F = Non-inter-level travel turns spent in this place divided by the number of levels of this place that you've seen.
                   A       B       C       D       E      F
               +-------+-------+-------+-------+-------+----------------------
         Total | 100.0 | 100.0 |   7.1 |   0.0 |   0.0 | 132.6
       Dungeon | 100.0 | 100.0 |   7.1 |   0.0 |   0.0 | 132.6
               +-------+-------+-------+-------+-------+----------------------

Table legend:
 A = Kills in this place as a percentage of kills in entire the game.
 B = Kills by you in this place as a percentage of kills by you in the entire game.
 C = Kills by friends in this place as a percentage of kills by friends in the entire game.
 D = Other kills in this place as a percentage of other kills in the entire game.
 E = Experience gained in this place as a percentage of experience gained in the entire game.
 F = Experience gained in this place divided by the number of levels of this place that you have seen.
                   A       B       C       D       E      F
               +-------+-------+-------+-------+-------+----------------------
         Total | 100.0 | 100.0 |   N/A |   N/A | 100.0 | 117.2
       Dungeon | 100.0 | 100.0 |   N/A |   N/A | 100.0 | 117.2
               +-------+-------+-------+-------+-------+----------------------

Vault maps used:
D:1:      lemuel_arrival_funnel
D:2:      nicolae_qazlal_eye_of_the_storm, serial_park_tiny_2,
          minmay_lizard_pond
D:3:      first_ration, evilmike_ruin_ashenzari
D:4:      temple_hall, uniq_edmund
